Map: [ESL] Ancient Cistern

Players

Astrea - Winner!

  • Race: Protoss Protoss
  • Spawn Location: 1:00

SpeCial

  • Race: Terran Terran
  • Spawn Location: 7:00

Event: ESL SC2 Masters 2023 Summer (Regionals)

VOD

Have the link to the VOD?

Description

Time

  • Played on: May 20, 2023, 1:56 p.m.
  • Length: 6:30

All games in this series

Show
View Real Time Build Order
Export as new Build Order

Astrea Protoss - Winner!

Build Orders: 1 Gate Expand 

Get SALT Encoding   

  12  0:00  Probe  
  13  0:12  Probe  
  14  0:17  Pylon  
  14  0:24  Probe (Chrono Boost)  
  15  0:37  Probe (Chrono Boost)  
  15  0:38  Gateway  
  16  0:44  Probe (Chrono Boost)  
  17  0:50  Assimilator  
  17  0:51  Probe  
  18  1:03  Probe  
  19  1:15  Probe  
  20  1:25  Cybernetics Core  
  20  1:35  Nexus  
  20  1:37  Probe  
  21  1:42  Pylon  
  21  1:49  Probe  
  21  1:51  Assimilator  
  21  1:58  Adept (Chrono Boost)  
  23  2:01  Probe  
  23  2:03  Warp Gate  
  24  2:13  Probe  
  25  2:21  Stalker  
  27  2:25  Probe  
  28  2:37  Probe  
  28  2:39  Robotics Facility  
  29  2:47  Probe  
  29  2:49  Stalker (Chrono Boost)  
  29  2:50  Probe (Chrono Boost)  
  31  2:54  Pylon  
  33  2:59  Probe (Chrono Boost)  
  35  3:08  Probe (Chrono Boost)  
  35  3:10  Probe (Chrono Boost)  
  36  3:15  Probe x2 (Chrono Boost)  
  36  3:18  Gateway  
  38  3:26  Probe x2  
  40  3:28  Observer (Chrono Boost)  
  40  3:37  Shield Battery  
  40  3:38  Probe  
  40  3:39  Probe  
  42  3:45  Shield Battery  
  42  3:47  Immortal (Chrono Boost)  
  46  3:52  Sentry  
  46  3:53  Probe x2  
  50  4:05  Probe x2  
  50  4:08  Pylon  
  52  4:13  Stalker  
  54  4:21  Pylon  
  54  4:23  Pylon  
  54  4:27  Probe  
  54  4:34  Warp Prism (Chrono Boost)  
  55  4:41  Sentry  
  55  4:42  Observer  
  55  4:43  Sentry, Gateway  
  59  4:45  Gateway  
  59  4:49  Pylon  
  59  4:58  Gateway  
  59  5:01  Gateway  
  59  5:05  Sentry, Observer  
  59  5:06  Zealot  
  64  5:12  Pylon  
  64  5:15  Observer  
  63  5:42  Probe x2  
  65  5:45  Stalker x4  
  73  5:53  Zealot  
  73  5:54  Probe x2  
  77  5:57  Zealot  
  79  6:06  Probe  
  79  6:08  Zealot  
  79  6:09  Zealot x2  
  86  6:11  Probe  
  86  6:17  Stalker x2  
  85  6:24  Nexus  
  85  6:25  Zealot  
  86  6:27  Pylon  
Show
View Real Time Build Order
Export as new Build Order

SpeCial Terran 

Build Orders: 1/1/1 

Get SALT Encoding   

  12  0:00  SCV  
  13  0:12  SCV  
  14  0:17  Supply Depot  
  14  0:24  SCV  
  15  0:28  Refinery  
  15  0:39  SCV  
  16  0:44  Barracks  
  16  0:51  SCV  
  17  1:03  SCV  
  18  1:15  SCV  
  19  1:31  Marine  
  19  1:32  Orbital Command  
  20  1:36  Factory  
  20  1:43  Supply Depot  
  20  1:50  Barracks Reactor  
  20  1:57  SCV  
  21  2:10  SCV  
  22  2:17  Command Center  
  24  2:24  SCV  
  24  2:28  Starport  
  24  2:29  Marine  
  24  2:32  Marine  
  24  2:36  SCV  
  26  2:41  Hellion  
  28  2:47  Supply Depot  
  28  2:48  SCV  
  29  2:52  Marine  
  29  2:54  Marine  
  31  3:08  SCV, Medivac  
  31  3:09  Hellion  
  36  3:15  Refinery  
  36  3:16  Marine  
  36  3:17  Marine  
  38  3:22  SCV  
  39  3:29  Orbital Command  
  39  3:34  Marine  
  39  3:35  Marine  
  39  3:38  Hellion  
  39  3:40  Starport Tech Lab  
  43  3:43  SCV  
  44  3:49  Orbital Command  
  44  3:53  Marine x2  
  46  3:59  SCV  
  47  4:06  Banshee  
  50  4:11  SCV, Marine x2  
  50  4:13  Supply Depot  
  53  4:21  SCV  
  53  4:23  SCV  
  52  4:31  Marine x2  
  52  4:35  SCV  
  52  4:38  SCV  
  52  4:40  Bunker  
  52  4:43  Barracks  
  52  4:47  SCV, Supply Depot  
  52  4:49  Marine x2  
  52  4:50  SCV  
  52  4:51  Raven  
  58  4:59  SCV, Barracks  
  59  5:02  SCV  
  59  5:07  Marine x2, Engineering Bay  
  60  5:08  Refinery  
  60  5:12  SCV  
  63  5:16  SCV  
  63  5:20  Supply Depot  
  64  5:24  SCV, Marine  
  64  5:25  Marine  
  67  5:32  Barracks Tech Lab  
  67  5:34  Widow Mine  
  67  5:35  SCV, Starport Reactor  
  70  5:38  Supply Depot  
  70  5:42  SCV, Marine  
  71  5:48  Marine  
  73  5:52  Marine  
  70  5:57  Marauder  
  69  6:06  Marine  
  69  6:10  Marine  
Tags
 
Add a new tag
Caveats
  • Supply blocks, unpowered buildings, or Contaminate may cause inaccurate times.
  • Supply counts are checked every 10 seconds.